 Dungeon Crawl Stone Soup version 0.19-a0-1401-g902f63d (webtiles) character file.

2830 aronpayne the Cudgeler (level 9, 0/78 HPs)
             Began as a Minotaur Fighter on Sept 4, 2016.
             Was a Follower of Qazlal.
             Killed by divine providence
             ... invoked by an orc priest
              (8 damage)
             ... on level 8 of the Dungeon.
             The game lasted 00:15:27 (5219 turns).

aronpayne the Cudgeler (Minotaur Fighter)           Turns: 5219, Time: 00:15:27

Health: 0/78       AC: 19    Str: 24    XL:     9   Next: 45%
Magic:  9/9        EV:  9    Int:  5    God:    Qazlal [*.....]
Gold:   253        SH: 13    Dex: 14    Spells: 0 memorised, 8 levels left

rFire  . . .     SeeInvis .     x - +6 whip
rCold  . . .     Gourm    .     y - +0 chain mail
rNeg   . . .     Faith    .     c - +0 shield
rPois  .         Spirit   .     (helmet restricted)
rElec  .         Dismiss  .     d - +2 cloak
rCorr  .         Reflect  .     (no gloves)
MR     .....     Harm     .     (no boots)
Stlth  ..........               (no amulet)
                                A - +6 ring of protection
                                k - +4 ring of dexterity

@: lethally poisoned (0 -> -1)
A: retaliatory headbutt, horns 2
a: Renounce Religion


You were on level 8 of the Dungeon.
You worshipped Qazlal.
Qazlal was aware of your devotion.
You were full.

You visited 1 branch of the dungeon, and saw 6 of its levels.

You collected 253 gold pieces.

Inventory:

Hand Weapons
 a - a +0 long sword
 x - a +6 whip (weapon)
 z - a +2 mace of crushing
Armour
 c - a +0 shield (worn)
 d - a +2 cloak (worn)
 y - a +0 chain mail (worn)
Jewellery
 k - a +4 ring of dexterity (left hand)
 A - a +6 ring of protection (right hand)
Wands
 F - a wand of iceblast (7/15)
Scrolls
 g - 3 scrolls of remove curse {unknown}
 i - 3 scrolls of identify
 m - a scroll of teleportation {unknown}
 o - a scroll of amnesia {unknown}
 p - 2 scrolls of enchant armour {unknown}
 r - 2 scrolls of random uselessness {unknown}
 t - 2 scrolls of blinking {unknown}
 B - a scroll of fear {unknown}
 C - a scroll of recharging {unknown}
 D - a scroll of enchant weapon {unknown}
Potions
 j - a potion of agility {unknown}
 s - a potion of mutation {unknown}
 u - 2 potions of degeneration {unknown}
 v - a potion of resistance {unknown}
 w - 2 potions of cancellation {unknown}
 E - 2 potions of lignification {unknown}
 G - a potion of berserk rage {unknown}
 H - a potion of invisibility {unknown}
 J - a potion of cure mutation {unknown}
Comestibles
 b - 2 chunks of flesh
 f - 6 bread rations
 h - 8 royal jellies
 I - 2 meat rations
 K - a slice of pizza


   Skills:
 + Level 6.8 Fighting
 + Level 5.9 Long Blades
 * Level 7.4 Maces & Flails
 + Level 7.2 Armour
 + Level 5.4 Dodging
 + Level 7.0 Shields
 + Level 2.6 Invocations


You had 8 spell levels left.
You didn't know any spells.

Dungeon Overview and Level Annotations

Branches:
Dungeon (5/15)
 Temple: D:4-7

Altars:
Okawaru
Qazlal


Innate Abilities, Weirdness & Mutations

You reflexively headbutt those who attack you in melee.
You have a pair of horns on your head.


Message History

The orc priest is lightly wounded.
The orc priest calls down the wrath of Beogh upon you.
Pain shoots through your body! You block the orc warrior's attack.
You whack the orc priest!
You headbutt the orc priest, but do no damage.
The orc priest is heavily wounded.
You feel sick.
The orc priest invokes the aid of Beogh against you.
Beogh smites you!
* * * LOW HITPOINT WARNING * * *
The orc warrior hits you from afar with a trident of flaming!
* * * LOW HITPOINT WARNING * * *
The orc warrior burns you.
* * * LOW HITPOINT WARNING * * *
You see here a killer bee corpse.
The orc priest casts a cantrip, but nothing happens.
You feel sick.
The orc priest mumbles some strange prayers to Beogh against you.
Beogh smites you!
You die...

#.........# ##.##.#.
#.........# #..#.#.#
#.........# #..##.#.
#.........####....#.#
#.........##.....###.
######.§..÷....##.......##
#..o†o.........##...†.....
#..####.................##.
.... #...@............##..
..## #.........##.....##..
. #######....####.#...#
###..##...##....##
###....##........##
.......#..........##
.....##.........#.[#
..........#.....##.##
.......####.....##.#.


You could see an orc warrior and an orc priest.

Vanquished Creatures
  A queen bee (D:8)
  A hippogriff (D:8)
  A hungry ghost (D:8)
  Duvessa (D:5)
  An ice beast (D:5)
  A phantom (D:4)
  4 ogres
  A giant frog (D:8)
  Dowan (D:5)
  17 killer bees (D:8)
  5 crimson imps
  A centaur zombie (D:5)
  A jelly (D:5)
  3 orc priests
  3 hounds
  Crazy Yiuf (D:3)
  Ijyb (D:3)
  2 iguanas
  Terence (D:2)
  5 worker ants
  A hound skeleton (D:8)
  Robin (D:4)
  3 gnolls (D:5)
  A howler monkey skeleton (D:8)
  2 adders
  A shadow imp (D:8)
  An ooze (D:3)
  5 worms
  2 dart slugs
  4 giant geckos
  16 orcs
  2 giant cockroaches
  15 goblins
  10 hobgoblins
  10 jackals
  4 kobolds
  A ball python (D:4)
  6 bats
  4 giant newts
  A jackal skeleton (D:8)
  6 rats
148 creatures vanquished.

Notes
Turn   | Place    | Note
-------+----------+-------------------------------------------
     0 | D:1      | aronpayne the Minotaur Fighter began the quest for the Orb.
     0 | D:1      | Reached XP level 1. HP: 19/19 MP: 0/0
   455 | D:1      | Reached XP level 2. HP: 27/27 MP: 1/1
   797 | D:2      | Noticed Terence
   807 | D:2      | Killed Terence
   807 | D:2      | Reached skill level 1 in Dodging
   807 | D:2      | Reached XP level 3. HP: 23/33 MP: 2/2
  1702 | D:2      | Reached XP level 4. HP: 40/40 MP: 3/3
  2209 | D:3      | Found a runed door.
  2213 | D:3      | Noticed Crazy Yiuf
  2219 | D:3      | Killed Crazy Yiuf
  2219 | D:3      | Reached XP level 5. HP: 47/47 MP: 4/4
  2444 | D:3      | Noticed Ijyb
  2450 | D:3      | Killed Ijyb
  2450 | D:3      | Reached skill level 1 in Maces & Flails
  2657 | D:4      | Noticed a phantom
  2672 | D:4      | Killed a phantom
  2672 | D:4      | Reached XP level 6. HP: 55/55 MP: 5/5
  2694 | D:4      | Found an iron altar of Okawaru.
  2817 | D:4      | Reached skill level 5 in Fighting
  2888 | D:4      | Reached skill level 5 in Shields
  3027 | D:4      | Reached skill level 5 in Armour
  3187 | D:4      | Noticed Robin
  3201 | D:4      | Killed Robin
  3368 | D:4      | Reached XP level 7. HP: 61/61 MP: 6/6
  3648 | D:5      | Entered Level 5 of the Dungeon
  3864 | D:5      | Noticed Dowan
  3867 | D:5      | Noticed Duvessa
  3893 | D:5      | Killed Dowan
  3896 | D:5      | HP: 2/62 [Duvessa/rapier (13)]
  3906 | D:5      | HP: 2/62 [Duvessa/rapier (1)]
  3911 | D:5      | Killed Duvessa
  4207 | D:5      | Reached XP level 8. HP: 62/70 MP: 7/7
  4307 | D:5      | Reached skill level 5 in Maces & Flails
  4527 | D:5      | Reached skill level 5 in Long Blades
  4644 | D:5      | You fall through a shaft for 3 floors!
  4645 | D:8      | Found a stormy altar of Qazlal.
  4660 | D:8      | Became a worshipper of Qazlal Stormbringer
  4719 | D:8      | Reached skill level 1 in Invocations
  4799 | D:8      | Reached XP level 9. HP: 42/78 MP: 9/9
  4801 | D:8      | Reached skill level 5 in Dodging
  4809 | D:8      | Noticed a queen bee
  4824 | D:8      | Killed a queen bee
  4893 | D:8      | Reached * piety under Qazlal
  5219 | D:8      | Killed from afar by an orc priest

Vault maps used:
D:1:      dpeg_arrival_yet_another_circle, minmay_statues_item,
          supply_closet_lemuel
D:2:      uniq_terence
D:3:      first_bread, roderic_roman_lattice, uniq_iyjb, uniq_crazy_yiuf_cottage
D:4:      okawaru_altar_gauntlet_db, uniq_robin
D:5:      zin_treasury, uniq_duvessa
D:8:      nicolae_qazlal_eye_of_the_storm, david_nohive_1

Skill      XL: |  1  2  3  4  5  6  7  8  9 |
---------------+----------------------------+-----
Fighting       | 4 5 6 |  6.8
Armour         | 4 5 6 7 |  7.2
Dodging        | 1 2 3 4 5 |  5.4
Long Blades    | 3 4 5 |  5.9
Shields        | 4 5 6 7 |  7.0
Maces & Flails | 2 3 4 6 7 |  7.4
Invocations    | 1 2 |  2.6

Action                   |  1- 3 |  4- 6 |  7- 9 || total
-------------------------+-------+-------+-------++-------
Melee: Long sword        |    60 |    26 |       ||    86
       Headbutt          |     9 |    33 |    46 ||    88
       Whip              |       |   107 |   234 ||   341
  Use: Scroll            |       |     2 |     1 ||     3
       Potion            |       |     2 |     5 ||     7
  Eat: Chunk             |     2 |     6 |     6 ||    14
       Beef jerky        |       |       |     1 ||     1
       Fruit             |       |       |     2 ||     2
       Meat ration       |       |       |     1 ||     1
Armor: Scale mail        |    21 |     3 |       ||    24
       Chain mail        |       |    46 |   106 ||   152
Dodge: Dodged            |    13 |    34 |    52 ||    99
Block: Shield            |    20 |    55 |   134 ||   209
